Map: [ESL] Moondance

Players

MeomaikA - Winner!

  • Race: Zerg Zerg
  • Spawn Location: 12:00

Probe

  • Race: Protoss Protoss
  • Spawn Location: 6:00

Event: DreamHack SC2 Masters 2022 Atlanta (Online)

VOD

Have the link to the VOD?

Description

Time

  • Played on: Oct. 2, 2022, 5:54 a.m.
  • Length: 11:43

All games in this series

Show
View Real Time Build Order
Export as new Build Order

MeomaikA Zerg - Winner!

Build Orders: Pool First, Lurkers 

Get SALT Encoding   

  12  0:00  Drone  
  13  0:12  Overlord  
  13  0:17  Drone  
  14  0:31  Drone  
  15  0:37  Spawning Pool  
  15  0:40  Drone  
  15  0:44  Drone  
  15  0:49  Drone  
  17  1:12  Drone  
  17  1:13  Hatchery  
  17  1:24  Zergling x4  
  19  1:28  Zergling x2  
  19  1:32  Queen  
  22  1:33  Extractor  
  22  1:39  Drone  
  22  1:49  Overlord  
  22  2:08  Drone  
  23  2:09  Queen  
  23  2:12  Drone  
  26  2:23  Drone  
  26  2:24  Queen  
  26  2:25  Drone  
  30  2:33  Metabolic Boost, Drone  
  30  2:35  Drone  
  32  2:41  Drone x2  
  32  2:42  Drone  
  35  2:48  Drone  
  36  2:51  Overlord  
  36  3:10  Drone  
  38  3:12  Drone  
  38  3:14  Drone  
  38  3:15  Drone  
  38  3:16  Hatchery  
  38  3:18  Drone  
  40  3:20  Drone  
  40  3:23  Drone  
  40  3:25  Drone  
  43  3:29  Overlord  
  43  3:32  Drone  
  44  3:37  Lair  
  44  3:41  Overlord  
  45  3:48  Drone x3, Extractor  
  45  3:53  Drone x3  
  49  4:00  Drone x3, Extractor  
  49  4:02  Zergling x2  
  52  4:03  Drone  
  53  4:12  Spore Crawler  
  53  4:13  Spore Crawler  
  53  4:16  Drone x2  
  54  4:17  Drone  
  54  4:18  Spore Crawler  
  51  4:25  Drone x2  
  51  4:26  Drone  
  52  4:33  Drone x2  
  52  4:34  Drone  
  55  4:39  Hydralisk Den  
  55  4:43  Drone x4  
  58  4:45  Drone  
  58  4:48  Overlord  
  59  4:56  Overlord  
  59  5:01  Overlord  
  59  5:09  Muscular Augments, Hydralisk x3  
  59  5:13  Hydralisk x2  
  69  5:16  Hydralisk  
  69  5:19  Hydralisk  
  73  5:21  Hydralisk  
  73  5:25  Hydralisk  
  73  5:26  Hydralisk  
  79  5:30  Overlord  
  79  5:31  Drone  
  79  5:32  Drone  
  79  5:35  Drone x2  
  83  5:38  Hydralisk  
  84  5:44  Hydralisk  
  84  5:45  Hydralisk  
  84  5:46  Overlord  
  84  5:49  Hydralisk  
  90  5:50  Zergling x2  
  90  5:51  Zergling x2  
  90  5:53  Zergling x2  
  90  5:54  Zergling x2  
  90  5:56  Overlord  
  94  5:58  Zergling x2  
  94  5:59  Zergling x2  
  94  6:00  Zergling x2  
  97  6:05  Overlord  
  97  6:06  Zergling x2  
  97  6:07  Zergling x2  
  97  6:08  Zergling x2  
  97  6:09  Zergling x2  
  97  6:10  Zergling x4  
  103  6:16  Zergling x6  
  106  6:18  Zergling x2  
  106  6:20  Hydralisk  
  106  6:21  Grooved Spines, Hydralisk  
  106  6:23  Zergling x2  
  106  6:24  Zergling x2  
  113  6:27  Hydralisk  
  113  6:31  Zergling x2, Overseer  
  113  6:32  Zergling x4  
  118  6:33  Zergling x2  
  118  6:34  Zergling x2  
  118  6:35  Zergling x2  
  118  6:37  Zergling x2  
  122  6:42  Zergling x2  
  122  6:43  Zergling x2  
  122  6:44  Zergling x2  
  122  6:45  Zergling x2  
  122  6:46  Zergling x2  
  121  6:51  Hydralisk  
  121  6:52  Hydralisk  
  121  6:53  Zergling x2  
  122  6:54  Overlord  
  122  6:57  Overlord  
  122  6:58  Overlord  
  122  6:59  Overlord  
  122  7:07  Zergling x2  
  122  7:08  Zergling x6  
  120  7:09  Zergling x2  
  120  7:15  Hydralisk  
  106  7:19  Zergling x4  
  106  7:20  Zergling x2  
  106  7:21  Zergling x6  
  106  7:22  Zergling x2  
  100  7:23  Zergling x2  
  100  7:26  Hydralisk  
  100  7:28  Hydralisk x2  
  98  7:34  Zergling x2  
  98  7:35  Zergling x4  
  98  7:36  Hydralisk  
  100  7:39  Hatchery  
  100  7:42  Hydralisk x2  
  103  7:47  Hydralisk  
  102  7:53  Hydralisk x3  
  102  7:55  Zergling x4, Extractor  
  107  7:58  Zergling x2  
  107  8:03  Hydralisk  
  107  8:04  Hydralisk  
  108  8:07  Overseer  
  108  8:09  Zergling x2  
  108  8:10  Zergling x2, Hydralisk  
  112  8:13  Zergling x6  
  112  8:14  Zergling x2  
  112  8:16  Zergling x2  
  112  8:17  Zergling x2  
  115  8:21  Hydralisk  
  115  8:24  Zergling x4  
  111  8:28  Zergling x2  
  111  8:29  Zergling x4  
  111  8:33  Zergling x2  
  104  8:36  Zergling x2  
  104  8:38  Zergling x2  
  104  8:39  Hydralisk  
  104  8:40  Hydralisk x2  
  110  8:42  Hydralisk  
  110  8:44  Drone  
  110  8:45  Zergling x2  
  110  8:46  Zergling x2  
  107  8:48  Zergling x2  
  107  8:49  Zergling x2  
  107  8:51  Hydralisk  
  103  8:58  Lurker Den  
  103  9:01  Drone x3  
  106  9:02  Drone  
  106  9:07  Evolution Chamber  
  106  9:08  Drone, Evolution Chamber  
  106  9:09  Drone  
  106  9:11  Drone  
  106  9:14  Overseer  
  106  9:15  Drone  
  108  9:18  Zergling x4  
  108  9:21  Overlord  
  108  9:22  Zergling x2  
  111  9:36  Zerg Missile Weapons Level 1, Zerg Melee Weapons Level 1  
  111  9:39  Drone x4  
  111  9:40  Extractor  
  114  9:46  Queen  
  114  9:47  Drone x2  
  118  9:53  Hatchery  
  118  9:56  Lurker x4  
  118  9:57  Zergling x6  
  118  9:59  Zergling x4  
  126  10:01  Zergling x2  
  126  10:02  Zergling x2  
  126  10:03  Zergling x2  
  126  10:05  Zergling x2  
  126  10:06  Zergling x2  
  132  10:07  Zergling x2  
  132  10:08  Zergling x2  
  132  10:12  Zergling x6  
  132  10:14  Hydralisk  
  136  10:16  Hydralisk  
  136  10:17  Zergling x2  
  136  10:19  Zergling x2  
  143  10:21  Zergling x4  
  143  10:22  Hydralisk  
  143  10:25  Hydralisk  
  140  10:37  Hydralisk x2  
  140  10:38  Hydralisk  
  140  10:39  Hydralisk x2  
  140  10:40  Hydralisk  
  140  10:43  Hydralisk  
  140  10:44  Hydralisk  
  140  10:45  Zergling x2  
  140  10:47  Zergling x2  
  140  10:48  Zergling x2  
  140  10:49  Zergling x2  
  146  10:52  Zergling x4  
  146  10:53  Zergling x2  
  146  10:54  Zergling x2  
  146  10:55  Zergling x2  
  146  10:56  Zergling x2  
  147  10:57  Zergling x2  
  147  10:58  Zergling x2  
  147  10:59  Zergling x2  
  147  11:01  Zergling x2  
  147  11:02  Zergling x2  
  147  11:03  Zergling x2  
  149  11:04  Zergling x2  
  149  11:05  Zergling x2  
  149  11:06  Zergling x2  
  149  11:08  Zergling x2  
  149  11:10  Zergling x2  
  149  11:11  Zergling x4  
  154  11:13  Hydralisk  
  154  11:15  Zergling x2  
  154  11:16  Zergling x2  
  158  11:22  Zergling x4  
  158  11:24  Zergling x2  
  158  11:25  Zergling x4  
  144  11:26  Zergling x4  
Show
View Real Time Build Order
Export as new Build Order

Probe Protoss 

Build Orders: 1 Gate Expand 

Get SALT Encoding   

  12  0:00  Probe  
  13  0:12  Probe  
  14  0:18  Pylon  
  14  0:24  Probe (Chrono Boost)  
  15  0:37  Probe (Chrono Boost)  
  15  0:38  Gateway  
  16  0:45  Probe (Chrono Boost)  
  16  0:49  Assimilator  
  17  0:51  Probe  
  18  1:03  Probe  
  19  1:21  Nexus  
  19  1:30  Cybernetics Core  
  19  1:36  Zealot (Chrono Boost)  
  22  1:47  Pylon  
  22  2:00  Zealot (Chrono Boost)  
  23  2:05  Probe, Assimilator  
  24  2:17  Warp Gate, Probe  
  24  2:20  Adept (Chrono Boost)  
  28  2:33  Probe x2 (Chrono Boost)  
  29  2:42  Probe (Chrono Boost)  
  33  2:44  Probe (Chrono Boost)  
  33  2:51  Adept  
  33  2:52  Probe  
  33  2:53  Probe  
  35  3:04  Probe, Stargate  
  36  3:05  Probe  
  37  3:16  Probe  
  37  3:18  Probe  
  39  3:28  Probe  
  39  3:30  Probe  
  41  3:37  Pylon  
  41  3:40  Probe  
  42  3:46  Probe  
  42  3:48  Nexus  
  43  3:53  Probe  
  44  3:59  Void Ray (Chrono Boost)  
  44  4:01  Probe, Pylon  
  49  4:05  Probe  
  50  4:13  Probe  
  51  4:17  Probe  
  51  4:19  Twilight Council  
  52  4:25  Probe  
  52  4:29  Probe, Assimilator  
  52  4:31  Oracle  
  53  4:33  Gateway  
  53  4:34  Gateway  
  53  4:36  Gateway  
  53  4:40  Pylon  
  53  4:41  Probe  
  54  4:46  Probe  
  54  4:47  Stalker  
  54  4:51  Blink (Chrono Boost)  
  57  4:53  Probe  
  57  4:55  Probe  
  57  4:57  Forge  
  59  5:01  Probe  
  59  5:03  Probe  
  59  5:05  Probe  
  62  5:10  Stalker  
  62  5:12  Probe  
  62  5:13  Probe  
  65  5:18  Probe, Pylon  
  67  5:23  Shield Battery, Protoss Ground Weapons Level 1 (Chrono Boost)  
  67  5:24  Probe  
  67  5:25  Probe  
  69  5:32  Stalker x2  
  69  5:34  Probe  
  74  5:38  Probe  
  74  5:42  Photon Cannon  
  75  5:45  Photon Cannon  
  75  5:48  Probe  
  76  5:52  Shield Battery  
  76  5:53  Shield Battery  
  76  5:55  Stalker x2  
  76  5:56  Sentry  
  82  6:00  Probe x2, Pylon  
  84  6:07  Stalker  
  86  6:16  Probe  
  87  6:19  Gateway  
  87  6:21  Gateway  
  87  6:22  Gateway  
  87  6:23  Robotics Facility  
  87  6:25  Gateway  
  87  6:28  Pylon  
  87  6:31  Forge  
  87  6:39  Stalker  
  89  6:40  Stalker x2  
  89  6:45  Stalker  
  95  6:53  Gateway  
  95  6:56  Photon Cannon, Pylon  
  95  6:58  Pylon  
  95  7:01  Photon Cannon  
  95  7:06  Stalker  
  95  7:07  Stalker  
  93  7:11  Zealot  
  93  7:13  Charge  
  89  7:16  Cybernetics Core  
  89  7:18  Stalker x3  
  72  7:25  Probe x2  
  72  7:29  Probe  
  63  7:36  Zealot x2  
  67  7:37  Probe x2  
  67  7:42  Probe  
  68  7:49  Probe, Stalker x2  
  68  7:51  Zealot x2  
  77  7:52  Probe  
  77  7:54  Probe  
  79  8:04  Probe  
  79  8:05  Stalker x2  
  84  8:06  Pylon  
  84  8:09  Probe  
  84  8:10  Probe  
  86  8:16  Zealot  
  86  8:19  Stalker x2  
  86  8:27  Stalker  
  86  8:30  Zealot x2  
  84  8:37  Probe  
  84  8:41  Zealot x3  
  83  8:44  Zealot x2  
  81  8:52  Zealot x3  
  82  8:59  Pylon  
  82  9:01  Pylon  
  81  9:04  Shield Battery, Zealot x4  
  81  9:06  Sentry  
  81  9:07  Pylon  
  91  9:17  Robotics Bay, Assimilator  
  91  9:19  Phoenix  
  91  9:22  Pylon  
  91  9:24  Photon Cannon  
  91  9:28  Probe x2  
  93  9:33  Protoss Ground Armor Level 1 (Chrono Boost)  
  93  9:35  Assimilator  
  93  9:41  Zealot x2  
  93  9:42  Zealot  
  93  9:44  Probe  
  100  9:55  Pylon  
  100  10:00  Stalker x3  
  100  10:01  Stalker  
  114  10:23  Nexus  
  114  10:25  Pylon  
  114  10:27  Zealot x2, Sentry  
  120  10:33  Disruptor  
  105  10:43  Oracle (Chrono Boost)  
  105  10:44  Zealot x5  
  105  10:49  Zealot x3  
  124  10:52  Probe x2  
  122  11:08  Zealot x5  
  126  11:12  Observer  
  126  11:14  Probe x2  
  108  11:29  Zealot x8  
Tags
 
Add a new tag
Caveats
  • Supply blocks, unpowered buildings, or Contaminate may cause inaccurate times.
  • Supply counts are checked every 10 seconds.